Monarchs vs Gangsters

Created - February 14, 2018 at 23:00

Goals
1 2 3 T
Monarchs 1 0 2 3
Gangsters 1 1 3 5
Shots
1 2 3 T
Monarchs 8 7 11 26
Gangsters 17 11 7 35

1st period

1. Monarchs , Tyler Toffoli 23 (Eric Wellwood 32, Matt Tennyson 27) at 5:53
2. Gangsters , Gustav Nyquist 27 (Chris Bourque 44, Artem Anisimov 12) at 18:20

Penalties :
No Penalty

2nd period

3. Gangsters , Magnus Paajarvi-Svensson 19 (Maxime Sauvé 44, Richard Panik 17) at 7:09 (PP)

Penalties :
Colton Parayko (MAN) for Hooking (Minor) at 0:13, Matt Tennyson (MAN) for Roughing (Minor) at 6:33

3rd period

4. Gangsters , Magnus Paajarvi-Svensson 20 (Ryan Culkin 2) at 3:47
5. Monarchs , Brock Nelson 29 (Hampus Lindholm 37) at 3:59
6. Gangsters , Tomas Hertl 22 (Colten Teubert 24, Magnus Paajarvi-Svensson 27) at 6:35
7. Gangsters , Dave Dziurzynski 12 (Devante Smith-Pelly 19) at 14:00 (PP)
8. Monarchs , Brock Nelson 30 (Hampus Lindholm 38, Nail Yakupov 6) at 14:48

Penalties :
Colten Teubert (Bro) for Holding Stick (Minor) at 4:24, Dave Dziurzynski (Bro) for Holding (Minor) at 11:54, Alec Martinez (MAN) for Roughing (Minor) at 13:25

Goalie Stats

John Gibson (MAN), 30 saves from 35 shots - (0.857), L, 16-13-6, 60:00 minutes
Dustin Tokarski (Bro), 23 saves from 26 shots - (0.885), W, 18-9-2, 60:00 minutes

Players Stats for Monarchs

Player Name              G  A  P  +/- PIM S  H  SB GA TA FO     MP     PP MP  PK MP  
------------------------------------------------------------------------------------
Alec Martinez            0  0  0   1  2   0  0  2  0  3  0/0    26:01   1:39   0:57 
Boone Jenner             0  0  0  -1  0   0  0  0  0  0  1/1     7:40   1:50   0:00 
Brock Nelson             2  0  2   0  0   6  0  1  0  0  2/2    16:48   1:22   0:00 
Cam Atkinson             0  0  0  -1  0   0  1  0  0  0  1/1    16:37   0:08   1:28 
Chris Tierney            0  0  0   0  0   0  0  2  0  0  15/20  17:34   1:22   0:46 
Colton Parayko           0  0  0   0  2   0  2  1  0  1  0/0    19:32   0:00   0:07 
Connor Brown             0  0  0   1  0   1  1  0  0  1  1/1    19:01   2:00   0:00 
Eric Wellwood            0  1  1   0  0   0  0  2  0  0  0/0    20:27   1:50   0:48 
Hampus Lindholm          0  2  2   0  0   1  1  2  1  1  0/0    22:03   1:40   1:05 
Igor Makarov             0  0  0  -1  0   1  0  0  0  0  0/0     6:04   0:08   0:00 
Ludwig Bystrom           0  0  0   0  0   0  0  0  0  0  0/0     5:20   0:00   0:35 
Matt Tennyson            0  1  1   1  2   1  3  0  1  1  0/0    19:49   0:00   1:02 
Nail Yakupov             0  1  1   0  0   1  2  0  0  0  1/2    16:54   1:22   0:00 
Riley Cote               0  0  0  -1  0   1  0  0  0  0  0/2     7:35   0:08   1:37 
T.J Brodie               0  0  0   0  0   0  0  1  0  2  0/0    10:45   0:00   0:00 
Teuvo Teravainen         0  0  0   0  0   5  2  0  0  0  0/1    16:55   2:00   0:00 
Tom Pyatt                0  0  0   0  0   5  0  0  0  1  5/10   15:35   0:00   0:38 
Ty Wishart               0  0  0   0  0   1  0  3  0  1  0/0    12:31   0:00   1:38 
Tyler Toffoli            1  0  1   1  0   3  5  0  0  0  7/28   19:36   2:00   0:07 

Players Stats for Gangsters

Player Name              G  A  P  +/- PIM S  H  SB GA TA FO     MP     PP MP  PK MP  
------------------------------------------------------------------------------------
Artem Anisimov           0  1  1   0  0   3  2  0  1  0  16/34  22:47   1:28   2:13 
Brendan Woods            0  0  0   0  0   0  0  2  0  0  0/0     8:05   0:00   0:00 
Chris Bourque            0  1  1   0  0   4  2  1  0  0  1/2    21:35   1:28   1:06 
Colten Teubert           0  1  1  -1  2   2  2  1  0  0  0/0    27:29   1:34   1:12 
Dave Dziurzynski         1  0  1  -2  2   3  0  0  0  0  0/0    11:52   0:07   0:00 
Derrick Pouliot          0  0  0   1  0   1  0  1  0  0  0/0    12:40   0:00   0:30 
Devante Smith-Pelly      0  1  1  -2  0   3  3  0  1  0  0/0    12:26   0:07   0:33 
Gustav Nyquist           1  0  1   0  0   3  2  1  3  0  5/6    22:47   1:28   2:13 
Jonas Brodin             0  0  0   0  0   2  1  0  1  1  0/0    19:17   1:08   1:15 
Magnus Paajarvi-Svensson 2  1  3   2  0   5  1  0  1  0  0/0    15:49   1:07   0:11 
Maxime Sauvé             0  1  1   1  0   1  4  0  1  0  9/15   15:57   1:07   0:26 
Morgan Ellis             0  0  0   1  0   1  1  1  0  0  0/0    19:06   1:08   0:52 
Patrik Nemeth            0  0  0  -1  0   3  1  0  1  1  0/0    28:33   1:34   2:15 
Richard Panik            0  1  1   1  0   0  1  0  0  0  0/0    15:26   1:07   0:00 
Ryan Culkin              0  1  1   1  0   0  0  1  0  0  0/0    13:06   0:00   0:56 
Seth Griffith            0  0  0   0  0   0  0  0  0  0  1/5     8:05   0:00   0:00 
Stefan Noesen            0  0  0   0  0   0  0  0  2  0  0/0     8:20   0:00   0:00 
Tomas Hertl              1  0  1  -1  0   4  0  0  0  0  3/6    12:40   0:07   0:18 

3 Stars

1 - Magnus Paajarvi-Svensson (Bro)
2 - Brock Nelson (MAN)
3 - Tyler Toffoli (MAN)

Power Play

Monarchs - 0 on 2 Attempt(s) - 0.00%
Gangsters - 2 on 3 Attempt(s) - 66.67%

Penalty Kill

Monarchs - 1 on 3 Attempt(s) - 33.33% - Score 0 goal in Penalty Kill
Gangsters - 2 on 2 Attempt(s) - 100.00% - Score 0 goal in Penalty Kill

Team Stat

Monarchs - Hits : 17 - Faceoff Wins : 33 - Blocked Shots : 14 - Penalty Minutes : 6
Gangsters - Hits : 20 - Faceoff Wins : 35 - Blocked Shots : 8 - Penalty Minutes : 4

Official

Referees : Sutherland Kelly and Lee Chris
Linesman : Andy McElman and Steve Miller

Game Notes

No Game Note

Finance

Level 1 -- Attendance: 1560 (78.00%) -- Ticket Income $62,400
Level 2 -- Attendance: 668 (66.80%) -- Ticket Income $13,360
Total Attendance: 2228 (74.27%)
Total Ticket Income: $75,760
Other Income: $3,788
Total Income: $79,548

Monarchs

5 vs 5 Forward 
   Center                   Left Wing                Right Wing               Time % Phy DF OF 
 1 Tyler Toffoli            Eric Wellwood            Connor Brown             35     1   1  3  
 2 Tom Pyatt                Teuvo Teravainen         Cam Atkinson             30     1   2  2  
 3 Chris Tierney            Brock Nelson             Nail Yakupov             30     1   2  2  
 4 Boone Jenner             Riley Cote               Igor Makarov             5      1   2  2  

5 vs 5 Defense 
   Defense                  Defense                                           Time % Phy DF OF 
 1 Hampus Lindholm          Colton Parayko                                    35     0   3  2  
 2 Matt Tennyson            Alec Martinez                                     35     1   2  2  
 3 Ty Wishart               T.J Brodie                                        20     0   4  1  
 4 Ludwig Bystrom           Alec Martinez                                     10     1   3  1  

PowerPlay Forward 
   Center                   Left Wing                Right Wing               Time % Phy DF OF 
 1 Tyler Toffoli            Teuvo Teravainen         Connor Brown             60     0   1  4  
 2 Chris Tierney            Brock Nelson             Nail Yakupov             40     0   1  4  

PowerPlay Defense
   Defense                  Defense                                           Time % Phy DF OF 
 1 Alec Martinez            Hampus Lindholm                                   60     0   2  3  
 2 Boone Jenner             Eric Wellwood                                     40     0   2  3  

Penalty Kill 4 Players Forward 
   Center                   Wing                     Time % Phy DF OF 
 1 Riley Cote               Cam Atkinson             60     0   4  1  
 2 Eric Wellwood            Tom Pyatt                40     0   4  1  

Penalty Kill 4 Players Defense
   Defense                  Defense                  Time % Phy DF OF 
 1 Ty Wishart               Matt Tennyson            60     1   4  0  
 2 Alec Martinez            Colton Parayko           40     1   4  0  

Penalty Kill - 3 Players Forward 
   Forward                                           Time % Phy DF OF 
 1 Riley Cote                                        60     1   2  2  
 2 Chris Tierney                                     40     1   2  2  

Penalty Kill - 3 Players Defense
   Defense                  Defense                  Time % Phy DF OF 
 1 Matt Tennyson            Ty Wishart               60     1   2  2  
 2 Alec Martinez            Colton Parayko           40     1   2  2  

4 vs 4 Forward 
   Center                   Wing                     Time % Phy DF OF 
 1 Tyler Toffoli            Eric Wellwood            60     1   2  2  
 2 Connor Brown             Cam Atkinson             40     1   2  2  

4 vs 4 Defense
   Defense                  Defense                  Time % Phy DF OF 
 1 Hampus Lindholm          Colton Parayko           60     1   2  2  
 2 Alec Martinez            Matt Tennyson            40     1   2  2  

Last Minutes Offensive
   Center                   Left Wing                Right Wing               Defense                  Defense                  
   Tyler Toffoli            Teuvo Teravainen         Connor Brown             Hampus Lindholm          Alec Martinez            

Last Minutes Defensive
   Center                   Left Wing                Right Wing               Defense                  Defense                  
   Chris Tierney            Riley Cote               Cam Atkinson             Alec Martinez            Matt Tennyson            

Goaltenders
Starting : John Gibson              
Backup : Niklas Backstrom         

Extra Forwards
Normal : Nail Yakupov, Teuvo Teravainen, Connor Brown - PP : Riley Cote, Igor Makarov - PK : Chris Tierney
Extra Defensemen
Normal : Hampus Lindholm, Alec Martinez, Matt Tennyson - PP : Colton Parayko - PK : Hampus Lindholm, Ludwig Bystrom
Penalty Shots
Brock Nelson, Riley Cote, Cam Atkinson, Igor Makarov, Boone Jenner

Scratches
Christophe Lalancette (Healthy), Morgan Rielly (Broken Bone (Left Leg) Injury), Dalton Smith (Healthy), Jamie McGinn (Healthy), Tyler McNeely (Healthy)
Ryan White (Healthy), Trevor Lewis (Healthy), Anthony Peluso (Healthy), Jake Muzzin (Healthy), Jeff Frazee (Healthy)
Tyler Beskorowany (Healthy)

Gangsters

5 vs 5 Forward 
   Center                   Left Wing                Right Wing               Time % Phy DF OF 
 1 Artem Anisimov           Chris Bourque            Gustav Nyquist           40     1   2  2  
 2 Maxime Sauvé             Magnus Paajarvi-Svensson Richard Panik            30     1   2  2  
 3 Tomas Hertl              Dave Dziurzynski         Devante Smith-Pelly      20     1   2  2  
 4 Seth Griffith            Brendan Woods            Stefan Noesen            10     1   2  2  

5 vs 5 Defense 
   Defense                  Defense                                           Time % Phy DF OF 
 1 Colten Teubert           Patrik Nemeth                                     40     1   2  2  
 2 Morgan Ellis             Jonas Brodin                                      30     1   2  2  
 3 Derrick Pouliot          Ryan Culkin                                       20     1   2  2  
 4 Colten Teubert           Patrik Nemeth                                     10     1   2  2  

PowerPlay Forward 
   Center                   Left Wing                Right Wing               Time % Phy DF OF 
 1 Artem Anisimov           Chris Bourque            Gustav Nyquist           60     1   2  2  
 2 Maxime Sauvé             Magnus Paajarvi-Svensson Richard Panik            40     1   2  2  

PowerPlay Defense
   Defense                  Defense                                           Time % Phy DF OF 
 1 Colten Teubert           Patrik Nemeth                                     60     1   2  2  
 2 Morgan Ellis             Jonas Brodin                                      40     1   2  2  

Penalty Kill 4 Players Forward 
   Center                   Wing                     Time % Phy DF OF 
 1 Gustav Nyquist           Artem Anisimov           60     1   2  2  
 2 Chris Bourque            Maxime Sauvé             40     1   2  2  

Penalty Kill 4 Players Defense
   Defense                  Defense                  Time % Phy DF OF 
 1 Colten Teubert           Patrik Nemeth            60     1   2  2  
 2 Morgan Ellis             Jonas Brodin             40     1   2  2  

Penalty Kill - 3 Players Forward 
   Forward                                           Time % Phy DF OF 
 1 Gustav Nyquist                                    60     1   2  2  
 2 Artem Anisimov                                    40     1   2  2  

Penalty Kill - 3 Players Defense
   Defense                  Defense                  Time % Phy DF OF 
 1 Colten Teubert           Patrik Nemeth            60     1   2  2  
 2 Morgan Ellis             Jonas Brodin             40     1   2  2  

4 vs 4 Forward 
   Center                   Wing                     Time % Phy DF OF 
 1 Gustav Nyquist           Artem Anisimov           60     1   2  2  
 2 Chris Bourque            Maxime Sauvé             40     1   2  2  

4 vs 4 Defense
   Defense                  Defense                  Time % Phy DF OF 
 1 Colten Teubert           Patrik Nemeth            60     1   2  2  
 2 Morgan Ellis             Jonas Brodin             40     1   2  2  

Last Minutes Offensive
   Center                   Left Wing                Right Wing               Defense                  Defense                  
   Artem Anisimov           Chris Bourque            Gustav Nyquist           Colten Teubert           Patrik Nemeth            

Last Minutes Defensive
   Center                   Left Wing                Right Wing               Defense                  Defense                  
   Artem Anisimov           Chris Bourque            Gustav Nyquist           Colten Teubert           Patrik Nemeth            

Goaltenders
Starting : Dustin Tokarski          
Backup : Mike Condon              

Extra Forwards
Normal : Tomas Hertl, Dave Dziurzynski, Devante Smith-Pelly - PP : Tomas Hertl, Dave Dziurzynski - PK : Devante Smith-Pelly
Extra Defensemen
Normal : Derrick Pouliot, Ryan Culkin, Morgan Ellis - PP : Derrick Pouliot - PK : Ryan Culkin, Morgan Ellis
Penalty Shots
Gustav Nyquist, Artem Anisimov, Chris Bourque, Maxime Sauvé, Richard Panik

Scratches
Bryan Young (Healthy), Kevin Roy (Healthy), Brett Ponich (Healthy), Michael Sdao (Healthy), Phillip Danault (Healthy)
Austen Brassard (Healthy), Sebastian Collberg (Healthy), Matt Delahey (Healthy), Jordan Binnington (Healthy)

% Time on Ice - Monarchs

Lines # - Real PCT - Wanted PCT - Time Play
Normal Forward
1 - 32% - 35% - 17:19
2 - 28% - 30% - 14:57
3 - 29% - 30% - 15:26
4 - 11% - 5% - 5:38
Normal Defense
1 - 36% - 35% - 18:58
2 - 35% - 35% - 18:52
3 - 20% - 20% - 10:45
4 - 9% - 10% - 4:45
PP Forward
1 - 61% - 60% - 2:08
2 - 39% - 40% - 1:22
PP Defense
1 - 48% - 60% - 1:40
2 - 52% - 40% - 1:50
PK Forward
1 - 77% - 60% - 2:04
2 - 23% - 40% - 0:38
PK Defense
1 - 65% - 60% - 1:45
2 - 35% - 40% - 0:57
PK3 Forward
1 - 0% - 60%
2 - 0% - 40%
PK3 Defense
1 - 0% - 60%
2 - 0% - 40%
44 Forward
1 - 100% - 60% - 0:28
2 - 0% - 40% - 0:00
44 Defense
1 - 100% - 60% - 0:28
2 - 0% - 40% - 0:00
Last Minute Offensive  - 0:00
Last Minute Defensive  - 0:00
Total
Forward - 60:00
Defense - 60:00

% Time on Ice - Gangsters

Lines # - Real PCT - Wanted PCT - Time Play
Normal Forward
1 - 36% - 40% - 18:58
2 - 28% - 30% - 14:45
3 - 22% - 20% - 11:32
4 - 15% - 10% - 8:05
Normal Defense
1 - 39% - 40% - 20:44
2 - 32% - 30% - 16:53
3 - 23% - 20% - 12:10
4 - 7% - 10% - 3:33
PP Forward
1 - 59% - 60% - 1:35
2 - 41% - 40% - 1:07
PP Defense
1 - 58% - 60% - 1:34
2 - 42% - 40% - 1:08
PK Forward
1 - 88% - 60% - 3:04
2 - 12% - 40% - 0:26
PK Defense
1 - 79% - 60% - 2:45
2 - 21% - 40% - 0:45
PK3 Forward
1 - 0% - 60%
2 - 0% - 40%
PK3 Defense
1 - 0% - 60%
2 - 0% - 40%
44 Forward
1 - 100% - 60% - 0:28
2 - 0% - 40% - 0:00
44 Defense
1 - 96% - 60% - 0:27
2 - 4% - 40% - 0:01
Last Minute Offensive  - 0:00
Last Minute Defensive  - 0:00
Total
Forward - 60:00
Defense - 60:00

Play by Play

1st period


0:01 of 1st period - Artem Anisimov wins face-off versus Tyler Toffoli in neutral zone.
0:10 of 1st period - Wrist shot by Chris Bourque.
0:10 of 1st period - Shot Misses the Net.
0:12 of 1st period - Wrist shot by Gustav Nyquist.
0:12 of 1st period - Shot Blocked by Eric Wellwood.
0:14 of 1st period - Snap shot by Colten Teubert.
0:14 of 1st period - Deflect By Hampus Lindholm.
0:14 of 1st period - Stopped by John Gibson without a rebound.
0:15 of 1st period - Tom Pyatt wins face-off versus Maxime Sauvé in Monarchs zone.
1:00 of 1st period - Ty Wishart is hit by Chris Bourque and loses puck.
2:10 of 1st period - Snap shot by Devante Smith-Pelly.
2:10 of 1st period - Shot Misses the Net.
2:12 of 1st period - Slapshot by Patrik Nemeth.
2:12 of 1st period - Stopped by John Gibson without a rebound.
2:13 of 1st period - Chris Tierney wins face-off versus Artem Anisimov in Monarchs zone.
2:24 of 1st period - Snap shot by Nail Yakupov.
2:24 of 1st period - Shot Blocked by Chris Bourque.
2:58 of 1st period - Alec Martinez is hit by Maxime Sauvé and loses puck.
3:55 of 1st period - Wrist shot by Teuvo Teravainen.
3:55 of 1st period - Stopped by Dustin Tokarski with a rebound.
3:57 of 1st period - Snap shot by Tom Pyatt.
3:57 of 1st period - Shot Misses the Net.
4:06 of 1st period - Wrist shot by Teuvo Teravainen.
4:06 of 1st period - Stopped by Dustin Tokarski without a rebound.
4:07 of 1st period - Artem Anisimov wins face-off versus Tyler Toffoli in Gangsters zone.
4:57 of 1st period - Wrist shot by Igor Makarov.
4:57 of 1st period - Stopped by Dustin Tokarski without a rebound.
4:58 of 1st period - Boone Jenner wins face-off versus Seth Griffith in Gangsters zone.
5:03 of 1st period - Wrist shot by Riley Cote.
5:03 of 1st period - Stopped by Dustin Tokarski without a rebound.
5:04 of 1st period - Artem Anisimov wins face-off versus Tyler Toffoli in Gangsters zone.
5:08 of 1st period - Off-side.
5:09 of 1st period - Artem Anisimov wins face-off versus Tyler Toffoli in neutral zone.
5:39 of 1st period - Snap shot by Tyler Toffoli.
5:39 of 1st period - Shot Blocked by Colten Teubert.
5:53 of 1st period - Snap shot by Eric Wellwood.
5:53 of 1st period - Deflect By Tyler Toffoli.
5:53 of 1st period - Goal by Tyler Toffoli - Monarchs : 1 - Gangsters : 0.
5:54 of 1st period - Chris Tierney wins face-off versus Artem Anisimov in neutral zone.
5:57 of 1st period - Gustav Nyquist is hit by Matt Tennyson and loses puck.
6:20 of 1st period - Dave Dziurzynski is hit by Matt Tennyson and loses puck.
7:03 of 1st period - Snap shot by Maxime Sauvé.
7:03 of 1st period - Shot Misses the Net.
8:27 of 1st period - Ludwig Bystrom is hit by Maxime Sauvé and loses puck.
8:51 of 1st period - Brock Nelson is hit by Morgan Ellis and loses puck.
9:27 of 1st period - Off-side.
9:28 of 1st period - Tyler Toffoli wins face-off versus Maxime Sauvé in neutral zone.
9:35 of 1st period - Slapshot by Eric Wellwood.
9:35 of 1st period - Deflect By Tyler Toffoli.
9:35 of 1st period - Stopped by Dustin Tokarski without a rebound.
9:36 of 1st period - Chris Tierney wins face-off versus Artem Anisimov in Gangsters zone.
9:36 of 1st period - Hampus Lindholm is hit by Colten Teubert and loses puck.
9:47 of 1st period - Snap shot by Chris Bourque.
9:47 of 1st period - Stopped by John Gibson with a rebound.
9:49 of 1st period - Slapshot by Colten Teubert.
9:49 of 1st period - Stopped by John Gibson without a rebound.
9:50 of 1st period - Tyler Toffoli wins face-off versus Chris Bourque in Monarchs zone.
9:57 of 1st period - Slapshot by Chris Bourque.
9:57 of 1st period - Stopped by John Gibson without a rebound.
9:58 of 1st period - Artem Anisimov wins face-off versus Tyler Toffoli in Monarchs zone.
10:05 of 1st period - Slapshot by Artem Anisimov.
10:05 of 1st period - Stopped by John Gibson without a rebound.
10:06 of 1st period - Chris Tierney wins face-off versus Artem Anisimov in Monarchs zone.
10:21 of 1st period - Snap shot by Gustav Nyquist.
10:21 of 1st period - Shot Blocked by Alec Martinez.
10:56 of 1st period - Riley Cote is hit by Maxime Sauvé and loses puck.
12:00 of 1st period - Dave Dziurzynski is hit by Matt Tennyson and loses puck.
14:28 of 1st period - Slapshot by Seth Griffith.
14:28 of 1st period - Shot Misses the Net.
14:30 of 1st period - Slapshot by Derrick Pouliot.
14:30 of 1st period - Stopped by John Gibson without a rebound.
14:31 of 1st period - Maxime Sauvé wins face-off versus Tyler Toffoli in Monarchs zone.
14:34 of 1st period - Slapshot by Magnus Paajarvi-Svensson.
14:34 of 1st period - Shot Misses the Net.
14:36 of 1st period - Wrist shot by Maxime Sauvé.
14:36 of 1st period - Shot Misses the Net.
14:38 of 1st period - Slapshot by Maxime Sauvé.
14:38 of 1st period - Shot Misses the Net.
14:44 of 1st period - Snap shot by Richard Panik.
14:44 of 1st period - Deflect By Maxime Sauvé.
14:44 of 1st period - Shot Blocked by Ty Wishart.
14:44 of 1st period - Puck is out of play.
14:45 of 1st period - Chris Tierney wins face-off versus Artem Anisimov in Monarchs zone.
14:54 of 1st period - Snap shot by Brock Nelson.
14:54 of 1st period - Deflect By Nail Yakupov.
14:54 of 1st period - Stopped by Dustin Tokarski without a rebound.
14:55 of 1st period - Gustav Nyquist wins face-off versus Chris Tierney in Gangsters zone.
15:06 of 1st period - Wrist shot by Artem Anisimov.
15:06 of 1st period - Shot Misses the Net.
15:12 of 1st period - Slapshot by Artem Anisimov.
15:12 of 1st period - Shot Blocked by Chris Tierney.
15:14 of 1st period - Snap shot by Artem Anisimov.
15:14 of 1st period - Stopped by John Gibson with a rebound.
15:16 of 1st period - Snap shot by Chris Bourque.
15:16 of 1st period - Stopped by John Gibson without a rebound.
15:17 of 1st period - Maxime Sauvé wins face-off versus Tyler Toffoli in Monarchs zone.
15:24 of 1st period - Wrist shot by Magnus Paajarvi-Svensson.
15:24 of 1st period - Shot Blocked by Ty Wishart.
15:53 of 1st period - Wrist shot by Maxime Sauvé.
15:53 of 1st period - Stopped by John Gibson with a rebound.
15:55 of 1st period - Snap shot by Maxime Sauvé.
15:55 of 1st period - Shot Blocked by Ty Wishart.
16:10 of 1st period - Off-side.
16:11 of 1st period - Tom Pyatt wins face-off versus Artem Anisimov in neutral zone.
17:16 of 1st period - Colton Parayko is hit by Maxime Sauvé.
17:20 of 1st period - Colton Parayko is hit by Colten Teubert.
17:36 of 1st period - Patrik Nemeth is hit by Colton Parayko and loses puck.
17:41 of 1st period - Wrist shot by Tom Pyatt.
17:41 of 1st period - Stopped by Dustin Tokarski with a rebound.
17:51 of 1st period - Wrist shot by Connor Brown.
17:51 of 1st period - Shot Misses the Net.
17:53 of 1st period - Slapshot by T.J Brodie.
17:53 of 1st period - Shot Hit the Post.
18:12 of 1st period - Artem Anisimov is hit by Hampus Lindholm.
18:18 of 1st period - Snap shot by Chris Bourque.
18:18 of 1st period - Shot Misses the Net.
18:20 of 1st period - Snap shot by Gustav Nyquist.
18:20 of 1st period - Goal by Gustav Nyquist - Monarchs : 1 - Gangsters : 1.
18:21 of 1st period - Maxime Sauvé wins face-off versus Tyler Toffoli in neutral zone.
18:24 of 1st period - Slapshot by Magnus Paajarvi-Svensson.
18:24 of 1st period - Shot Misses the Net.
18:32 of 1st period - Morgan Ellis is hit by Connor Brown.
19:10 of 1st period - Icing by Devante Smith-Pelly.
19:11 of 1st period - Chris Tierney wins face-off versus Tomas Hertl in Gangsters zone.
19:16 of 1st period - Slapshot by Hampus Lindholm.
19:16 of 1st period - Deflect By Brock Nelson.
19:16 of 1st period - Shot Misses the Net.
19:16 of 1st period - Puck is out of play.
19:17 of 1st period - Artem Anisimov wins face-off versus Tyler Toffoli in Gangsters zone.
19:24 of 1st period - Snap shot by Gustav Nyquist.
19:24 of 1st period - Stopped by John Gibson with a rebound.
19:26 of 1st period - Wrist shot by Patrik Nemeth.
19:26 of 1st period - Stopped by John Gibson with a rebound.
19:28 of 1st period - Slapshot by Colten Teubert.
19:28 of 1st period - Shot Misses the Net.
19:42 of 1st period - Wrist shot by Dave Dziurzynski.
19:42 of 1st period - Shot Misses the Net.
19:44 of 1st period - Snap shot by Tomas Hertl.
19:44 of 1st period - Stopped by John Gibson with a rebound.
19:46 of 1st period - Slapshot by Morgan Ellis.
19:46 of 1st period - Stopped by John Gibson with a rebound.
19:48 of 1st period - Snap shot by Devante Smith-Pelly.
19:48 of 1st period - Stopped by John Gibson with a rebound.
19:50 of 1st period - Backhand shot by Dave Dziurzynski.
19:50 of 1st period - Shot Blocked by Eric Wellwood.
19:52 of 1st period - Snap shot by Tomas Hertl.
19:52 of 1st period - Stopped by John Gibson with a rebound.
Goals for this period are 1 for Monarchs vs 1 for Gangsters.
Shots for this period are 8 for Monarchs vs 17 for Gangsters.

2nd period


0:01 of 2nd period - Artem Anisimov wins face-off versus Tyler Toffoli in neutral zone.
0:13 of 2nd period - Minor Penalty to Colton Parayko for Hooking.
0:14 of 2nd period - Artem Anisimov wins face-off versus Riley Cote in Monarchs zone.
2:13 of 2nd period - Penalty to Colton Parayko is over, Colton Parayko is back on ice.
2:18 of 2nd period - Wrist shot by Devante Smith-Pelly.
2:18 of 2nd period - Stopped by John Gibson with a rebound.
2:20 of 2nd period - Slapshot by Devante Smith-Pelly.
2:20 of 2nd period - Stopped by John Gibson without a rebound.
2:21 of 2nd period - Tyler Toffoli wins face-off versus Tomas Hertl in Monarchs zone.
2:41 of 2nd period - Icing by Ryan Culkin.
2:42 of 2nd period - Chris Tierney wins face-off versus Seth Griffith in Gangsters zone.
2:47 of 2nd period - Snap shot by Nail Yakupov.
2:47 of 2nd period - Shot Blocked by Derrick Pouliot.
2:49 of 2nd period - Slapshot by Matt Tennyson.
2:49 of 2nd period - Stopped by Dustin Tokarski with a rebound.
3:19 of 2nd period - Magnus Paajarvi-Svensson is hit by Teuvo Teravainen and loses puck.
3:34 of 2nd period - Snap shot by Tomas Hertl.
3:34 of 2nd period - Shot Blocked by Alec Martinez.
3:36 of 2nd period - Wrist shot by Dave Dziurzynski.
3:36 of 2nd period - Stopped by John Gibson with a rebound.
3:38 of 2nd period - Slapshot by Patrik Nemeth.
3:38 of 2nd period - Stopped by John Gibson without a rebound.
3:39 of 2nd period - Tyler Toffoli wins face-off versus Tomas Hertl in Monarchs zone.
3:48 of 2nd period - Dave Dziurzynski is hit by Tyler Toffoli and loses puck.
4:01 of 2nd period - Wrist shot by Devante Smith-Pelly.
4:01 of 2nd period - Shot Misses the Net.
4:11 of 2nd period - Snap shot by Dave Dziurzynski.
4:11 of 2nd period - Stopped by John Gibson with a rebound.
4:13 of 2nd period - Slapshot by Morgan Ellis.
4:13 of 2nd period - Shot Misses the Net.
4:15 of 2nd period - Snap shot by Tomas Hertl.
4:15 of 2nd period - Stopped by John Gibson with a rebound.
4:17 of 2nd period - Wrist shot by Jonas Brodin.
4:17 of 2nd period - Stopped by John Gibson with a rebound.
4:19 of 2nd period - Backhand shot by Morgan Ellis.
4:19 of 2nd period - Shot Blocked by Colton Parayko.
4:38 of 2nd period - Icing by Nail Yakupov.
4:39 of 2nd period - Chris Tierney wins face-off versus Artem Anisimov in Monarchs zone.
4:39 of 2nd period - Chris Tierney is hit by Artem Anisimov.
4:45 of 2nd period - Slapshot by Hampus Lindholm.
4:45 of 2nd period - Stopped by Dustin Tokarski without a rebound.
4:46 of 2nd period - Artem Anisimov wins face-off versus Tyler Toffoli in Gangsters zone.
5:11 of 2nd period - T.J Brodie is hit by Chris Bourque.
5:21 of 2nd period - Snap shot by Teuvo Teravainen.
5:21 of 2nd period - Shot Misses the Net.
5:23 of 2nd period - Slapshot by Tom Pyatt.
5:23 of 2nd period - Shot Misses the Net.
5:35 of 2nd period - Riley Cote is hit by Magnus Paajarvi-Svensson and loses puck.
5:56 of 2nd period - Wrist shot by Brock Nelson.
5:56 of 2nd period - Stopped by Dustin Tokarski without a rebound.
5:57 of 2nd period - Chris Tierney wins face-off versus Seth Griffith in Gangsters zone.
6:07 of 2nd period - Off-side.
6:08 of 2nd period - Tyler Toffoli wins face-off versus Maxime Sauvé in neutral zone.
6:33 of 2nd period - Minor Penalty to Matt Tennyson for Roughing.
6:34 of 2nd period - Artem Anisimov wins face-off versus Riley Cote in Monarchs zone.
7:09 of 2nd period - Snap shot by Magnus Paajarvi-Svensson.
7:09 of 2nd period - Goal by Magnus Paajarvi-Svensson - Monarchs : 1 - Gangsters : 2.
7:10 of 2nd period - Tom Pyatt wins face-off versus Artem Anisimov in neutral zone.
7:13 of 2nd period - Wrist shot by Teuvo Teravainen.
7:13 of 2nd period - Stopped by Dustin Tokarski without a rebound.
7:14 of 2nd period - Cam Atkinson wins face-off versus Artem Anisimov in Gangsters zone.
7:17 of 2nd period - Slapshot by Tom Pyatt.
7:17 of 2nd period - Stopped by Dustin Tokarski without a rebound.
7:18 of 2nd period - Artem Anisimov wins face-off versus Tom Pyatt in Gangsters zone.
7:43 of 2nd period - Backhand shot by Tomas Hertl.
7:43 of 2nd period - Shot Misses the Net.
8:04 of 2nd period - Slapshot by Tom Pyatt.
8:04 of 2nd period - Stopped by Dustin Tokarski without a rebound.
8:05 of 2nd period - Tyler Toffoli wins face-off versus Artem Anisimov in Gangsters zone.
8:06 of 2nd period - Wrist shot by Eric Wellwood.
8:06 of 2nd period - Shot Misses the Net.
8:13 of 2nd period - Off-side.
8:14 of 2nd period - Artem Anisimov wins face-off versus Tyler Toffoli in neutral zone.
8:45 of 2nd period - Wrist shot by Chris Bourque.
8:45 of 2nd period - Shot Misses the Net.
8:47 of 2nd period - Slapshot by Jonas Brodin.
8:47 of 2nd period - Stopped by John Gibson with a rebound.
9:56 of 2nd period - Backhand shot by Gustav Nyquist.
9:56 of 2nd period - Stopped by John Gibson without a rebound.
9:57 of 2nd period - Chris Tierney wins face-off versus Maxime Sauvé in Monarchs zone.
10:13 of 2nd period - Off-side.
10:14 of 2nd period - Tomas Hertl wins face-off versus Tom Pyatt in neutral zone.
13:08 of 2nd period - Snap shot by Chris Tierney.
13:08 of 2nd period - Shot Misses the Net.
14:09 of 2nd period - Riley Cote is hit by Jonas Brodin and loses puck.
14:44 of 2nd period - Patrik Nemeth is hit by Nail Yakupov and loses puck.
15:31 of 2nd period - Riley Cote is hit by Devante Smith-Pelly.
15:48 of 2nd period - Off-side.
15:49 of 2nd period - Brock Nelson wins face-off versus Seth Griffith in neutral zone.
16:00 of 2nd period - Slapshot by Brock Nelson.
16:00 of 2nd period - Stopped by Dustin Tokarski without a rebound.
16:01 of 2nd period - Artem Anisimov wins face-off versus Tyler Toffoli in Gangsters zone.
16:47 of 2nd period - Tomas Hertl is hit by Colton Parayko and loses puck.
18:12 of 2nd period - Brock Nelson is hit by Patrik Nemeth and loses puck.
18:25 of 2nd period - Backhand shot by Brock Nelson.
18:25 of 2nd period - Shot Blocked by Brendan Woods.
18:43 of 2nd period - Snap shot by Brock Nelson.
18:43 of 2nd period - Deflect By Nail Yakupov.
18:43 of 2nd period - Shot Misses the Net.
18:43 of 2nd period - Puck is out of play.
18:44 of 2nd period - Connor Brown wins face-off versus Artem Anisimov in Gangsters zone.
18:59 of 2nd period - Wrist shot by Tyler Toffoli.
18:59 of 2nd period - Deflect By Eric Wellwood.
18:59 of 2nd period - Deflect By Artem Anisimov.
18:59 of 2nd period - Shot Misses the Net.
18:59 of 2nd period - Puck is out of play.
19:00 of 2nd period - Maxime Sauvé wins face-off versus Tom Pyatt in Gangsters zone.
19:00 of 2nd period - Maxime Sauvé is hit by Teuvo Teravainen.
19:14 of 2nd period - Snap shot by Maxime Sauvé.
19:14 of 2nd period - Shot Blocked by T.J Brodie.
19:16 of 2nd period - Wrist shot by Magnus Paajarvi-Svensson.
19:16 of 2nd period - Stopped by John Gibson without a rebound.
19:17 of 2nd period - Gustav Nyquist wins face-off versus Tyler Toffoli in Monarchs zone.
19:27 of 2nd period - Off-side.
19:28 of 2nd period - Artem Anisimov wins face-off versus Tyler Toffoli in neutral zone.
Goals for this period are 0 for Monarchs vs 1 for Gangsters.
Shots for this period are 7 for Monarchs vs 11 for Gangsters.

3rd period


0:01 of 3rd period - Tom Pyatt wins face-off versus Artem Anisimov in neutral zone.
0:32 of 3rd period - Wrist shot by Eric Wellwood.
0:32 of 3rd period - Deflect By Connor Brown.
0:32 of 3rd period - Shot Misses the Net.
0:32 of 3rd period - Puck is out of play.
0:33 of 3rd period - Maxime Sauvé wins face-off versus Nail Yakupov in Gangsters zone.
0:46 of 3rd period - Snap shot by Magnus Paajarvi-Svensson.
0:46 of 3rd period - Shot Blocked by Chris Tierney.
1:09 of 3rd period - Snap shot by Connor Brown.
1:09 of 3rd period - Stopped by Dustin Tokarski without a rebound.
1:10 of 3rd period - Artem Anisimov wins face-off versus Teuvo Teravainen in Gangsters zone.
1:10 of 3rd period - Artem Anisimov is hit by Cam Atkinson.
1:19 of 3rd period - Off-side.
1:20 of 3rd period - Tom Pyatt wins face-off versus Artem Anisimov in neutral zone.
1:23 of 3rd period - Wrist shot by Cam Atkinson.
1:23 of 3rd period - Shot Blocked by Gustav Nyquist.
2:28 of 3rd period - Slapshot by Artem Anisimov.
2:28 of 3rd period - Shot Misses the Net.
2:30 of 3rd period - Wrist shot by Artem Anisimov.
2:30 of 3rd period - Deflect By Chris Bourque.
2:30 of 3rd period - Stopped by John Gibson without a rebound.
2:31 of 3rd period - Maxime Sauvé wins face-off versus Tyler Toffoli in Monarchs zone.
2:44 of 3rd period - Wrist shot by Magnus Paajarvi-Svensson.
2:44 of 3rd period - Stopped by John Gibson with a rebound.
2:46 of 3rd period - Slapshot by Morgan Ellis.
2:46 of 3rd period - Shot Blocked by Hampus Lindholm.
3:37 of 3rd period - Slapshot by Brock Nelson.
3:37 of 3rd period - Stopped by Dustin Tokarski without a rebound.
3:38 of 3rd period - Maxime Sauvé wins face-off versus Chris Tierney in Gangsters zone.
3:47 of 3rd period - Slapshot by Magnus Paajarvi-Svensson.
3:47 of 3rd period - Goal by Magnus Paajarvi-Svensson - Monarchs : 1 - Gangsters : 3.
3:48 of 3rd period - Chris Bourque wins face-off versus Chris Tierney in neutral zone.
3:59 of 3rd period - Wrist shot by Brock Nelson.
3:59 of 3rd period - Goal by Brock Nelson - Monarchs : 2 - Gangsters : 3.
4:00 of 3rd period - Chris Tierney wins face-off versus Artem Anisimov in neutral zone.
4:24 of 3rd period - Minor Penalty to Colten Teubert for Holding Stick.
4:25 of 3rd period - Gustav Nyquist wins face-off versus Tyler Toffoli in Gangsters zone.
5:39 of 3rd period - Alec Martinez is hit by Artem Anisimov and loses puck.
6:24 of 3rd period - Penalty to Colten Teubert is over, Colten Teubert is back on ice.
6:35 of 3rd period - Snap shot by Tomas Hertl.
6:35 of 3rd period - Goal by Tomas Hertl - Monarchs : 2 - Gangsters : 4.
6:36 of 3rd period - Brock Nelson wins face-off versus Maxime Sauvé in neutral zone.
6:36 of 3rd period - Matt Tennyson is hit by Richard Panik and loses puck.
6:52 of 3rd period - Wrist shot by Brock Nelson.
6:52 of 3rd period - Shot Misses the Net.
7:02 of 3rd period - Eric Wellwood is hit by Gustav Nyquist and loses puck.
7:29 of 3rd period - Snap shot by Teuvo Teravainen.
7:29 of 3rd period - Shot Misses the Net.
7:31 of 3rd period - Slapshot by Teuvo Teravainen.
7:31 of 3rd period - Stopped by Dustin Tokarski with a rebound.
8:45 of 3rd period - Snap shot by Cam Atkinson.
8:45 of 3rd period - Shot Blocked by Morgan Ellis.
8:47 of 3rd period - Snap shot by Teuvo Teravainen.
8:47 of 3rd period - Shot Blocked by Brendan Woods.
8:49 of 3rd period - Wrist shot by Tom Pyatt.
8:49 of 3rd period - Stopped by Dustin Tokarski without a rebound.
8:50 of 3rd period - Seth Griffith wins face-off versus Tom Pyatt in Gangsters zone.
9:12 of 3rd period - Snap shot by Cam Atkinson.
9:12 of 3rd period - Shot Misses the Net.
9:14 of 3rd period - Snap shot by Tom Pyatt.
9:14 of 3rd period - Stopped by Dustin Tokarski without a rebound.
9:15 of 3rd period - Chris Tierney wins face-off versus Artem Anisimov in Gangsters zone.
9:26 of 3rd period - Wrist shot by Chris Bourque.
9:26 of 3rd period - Shot Blocked by Brock Nelson.
9:28 of 3rd period - Slapshot by Patrik Nemeth.
9:28 of 3rd period - Deflect By Chris Bourque.
9:28 of 3rd period - Shot Misses the Net.
9:28 of 3rd period - Puck is out of play.
9:29 of 3rd period - Maxime Sauvé wins face-off versus Tyler Toffoli in Monarchs zone.
10:11 of 3rd period - Icing by Brock Nelson.
10:12 of 3rd period - Tomas Hertl wins face-off versus Tom Pyatt in Monarchs zone.
10:17 of 3rd period - Snap shot by Dave Dziurzynski.
10:17 of 3rd period - Shot Blocked by Hampus Lindholm.
11:48 of 3rd period - Snap shot by Tom Pyatt.
11:48 of 3rd period - Shot Blocked by Ryan Culkin.
11:54 of 3rd period - Minor Penalty to Dave Dziurzynski for Holding.
11:55 of 3rd period - Tyler Toffoli wins face-off versus Gustav Nyquist in Gangsters zone.
12:04 of 3rd period - Snap shot by Teuvo Teravainen.
12:04 of 3rd period - Stopped by Dustin Tokarski without a rebound.
12:05 of 3rd period - Gustav Nyquist wins face-off versus Tyler Toffoli in Gangsters zone.
12:05 of 3rd period - Gustav Nyquist is hit by Tyler Toffoli.
12:15 of 3rd period - Patrik Nemeth is hit by Tyler Toffoli and loses puck.
12:26 of 3rd period - Slapshot by Tyler Toffoli.
12:26 of 3rd period - Stopped by Dustin Tokarski without a rebound.
12:27 of 3rd period - Chris Tierney wins face-off versus Artem Anisimov in Gangsters zone.
12:46 of 3rd period - Colten Teubert is hit by Tyler Toffoli and loses puck.
13:25 of 3rd period - Minor Penalty to Alec Martinez for Roughing.
13:26 of 3rd period - Gustav Nyquist wins face-off versus Tyler Toffoli in Monarchs zone.
13:51 of 3rd period - Colton Parayko is hit by Devante Smith-Pelly and loses puck.
13:54 of 3rd period - Penalty to Dave Dziurzynski is over, Dave Dziurzynski is back on ice.
14:00 of 3rd period - Wrist shot by Devante Smith-Pelly.
14:00 of 3rd period - Deflect By Dave Dziurzynski.
14:00 of 3rd period - Goal by Dave Dziurzynski - Monarchs : 2 - Gangsters : 5.
14:01 of 3rd period - Chris Tierney wins face-off versus Artem Anisimov in neutral zone.
14:46 of 3rd period - Snap shot by Brock Nelson.
14:46 of 3rd period - Stopped by Dustin Tokarski with a rebound.
14:48 of 3rd period - Snap shot by Brock Nelson.
14:48 of 3rd period - Goal by Brock Nelson - Monarchs : 3 - Gangsters : 5.
14:49 of 3rd period - Artem Anisimov wins face-off versus Tyler Toffoli in neutral zone.
15:19 of 3rd period - Snap shot by Devante Smith-Pelly.
15:19 of 3rd period - Shot Misses the Net.
15:42 of 3rd period - Off-side.
15:43 of 3rd period - Nail Yakupov wins face-off versus Maxime Sauvé in neutral zone.
15:56 of 3rd period - Slapshot by Maxime Sauvé.
15:56 of 3rd period - Deflect By Magnus Paajarvi-Svensson.
15:56 of 3rd period - Stopped by John Gibson without a rebound.
15:57 of 3rd period - Chris Tierney wins face-off versus Artem Anisimov in Monarchs zone.
15:57 of 3rd period - Chris Tierney is hit by Gustav Nyquist.
17:00 of 3rd period - Snap shot by Tom Pyatt.
17:00 of 3rd period - Shot Misses the Net.
17:06 of 3rd period - Snap shot by Gustav Nyquist.
17:06 of 3rd period - Shot Hit the Post.
17:08 of 3rd period - Snap shot by Artem Anisimov.
17:08 of 3rd period - Stopped by John Gibson without a rebound.
17:09 of 3rd period - Tomas Hertl wins face-off versus Chris Tierney in Monarchs zone.
17:36 of 3rd period - Morgan Ellis is hit by Tyler Toffoli and loses puck.
18:48 of 3rd period - Backhand shot by Ty Wishart.
18:48 of 3rd period - Stopped by Dustin Tokarski without a rebound.
18:49 of 3rd period - Maxime Sauvé wins face-off versus Chris Tierney in Gangsters zone.
18:49 of 3rd period - Maxime Sauvé is hit by Nail Yakupov.
19:57 of 3rd period - Igor Makarov is hit by Devante Smith-Pelly and loses puck.
Goals for this period are 2 for Monarchs vs 3 for Gangsters.
Shots for this period are 11 for Monarchs vs 7 for Gangsters.